 Dungeon Crawl Stone Soup version 0.30-a0-358-g0d69a1922f (webtiles) character file.

Game seed: 5684804523328873982

42 MrRokkomies the Slasher (level 4, 0/40 HPs)
             Began as a Meteoran Cinder Acolyte on Nov 10, 2022.
             Was a High Priest of Ignis.
             Slain by an orc
             ... wielding a +0 short sword
              (2 damage)
             ... on level 2 of the Dungeon.
             The game lasted 00:01:35 (551 turns).

MrRokkomies the Slasher (Meteoran Cinder Acolyte)    Turns: 551, Time: 00:01:36

Health: 0/40       AC:  4    Str: 15    XL:     4   Next: 3%
Magic:  7/7        EV: 11    Int: 16    God:    Ignis [*****.]
Gold:   20         SH:  0    Dex: 11    Spells: 5/5 levels left

rFire   + . .      SeeInvis .    a - -1 falchion (flame)
rCold   . . .      Faith    .    (no shield)
rNeg    . . .      Spirit   .    d - +1 leather armour
rPois   .          Reflect  .    (no helmet)
rElec   .          Harm     .    (no cloak)
rCorr   .          Rampage  .    (no gloves)
Will    .....                    (no boots)
Stlth   +.........               (no amulet)
HPRegen 0.26/turn                (no ring)
MPRegen 0.10/turn                (no ring)

@: glowing
A: sense surroundings 1, otherworldly, glowing, explore regen
a: Renounce Religion, Fiery Armour, Foxfire Swarm, Rising Flame


You were on level 2 of the Dungeon.
You worshipped Ignis.
Ignis was extremely pleased with you.
You visited 1 branch of the dungeon, and saw 2 of its levels.

You collected 20 gold pieces.

Inventory:

Hand Weapons
 a - a -1 falchion of flaming (weapon)
 b - a +0 sling
Armour
 c - a +0 robe
 d - a +1 leather armour (worn)


   Skills:
 * Level 3.8 Fighting
 * Level 4.3 Long Blades
 + Level 1.2 Dodging
 - Level 1.3 Spellcasting
 + Level 3.9 Fire Magic


You had 5 spell levels left.
You didn't know any spells.
Your spell library contained the following spells:

 Spells                   Type           Power      Damage    Failure   Level
 Scorch                   Fire           26%        2d6       9%          2


Dungeon Overview and Level Annotations

Branches:
Dungeon (2/15) Zot: 644

Altars:


Innate Abilities, Weirdness & Mutations

You passively map a small area around you.
You are easily found by Zot.
You glow in the dark.
You regain HP and MP as you explore.


Message History

You have reached level 4!
Things that are here:
a +0 dagger; a +0 robe; an orc corpse You completely miss the orc.
The orc hits you but does no damage. Something hits you.
You hit the orc but do no damage. The orc hits you with a +0 short sword.
Something hits you but does no damage.
You closely miss the orc. The orc hits you with a +0 short sword.
Something hits you.
You hit the orc but do no damage. The orc hits you with a +0 short sword.
Something hits you but does no damage.
You closely miss the orc. The orc barely misses you.
Something hits you but does no damage.
You hit the orc but do no damage. The orc barely misses you.
You hear some strange, mumbled words.
You are confused.
You bump into the rock wall.
The orc hits you but does no damage.
You hear some strange, mumbled words.
A magic dart appears from out of thin air!
The magic dart hits you. Something hits you.
You closely miss the orc. The orc hits you with a +0 short sword.
Something hits you.
You bump into the rock wall.
The orc hits you with a +0 short sword. Something hits you.
* * * LOW HITPOINT WARNING * * *
You hit the orc but do no damage. The orc barely misses you.
Something hits you.
* * * LOW HITPOINT WARNING * * *
You feel less confused.
You hit the orc but do no damage. The orc hits you with a +0 short sword.
* * * LOW HITPOINT WARNING * * *
Something hits you but does no damage. Something hits you.
* * * LOW HITPOINT WARNING * * *
The orc hits you with a +0 short sword.
* * * LOW HITPOINT WARNING * * *
Unknown command.
You aren't carrying any potions.
The orc attacks as you move away! The orc hits you with a +0 short sword.
You die...

* ,, * , > , ,
* ## ** , ..
,#.######
##.#......#####
.$....))o@....#
#.#######.###.#
#<....# ###.#.#
#.#.# * * #.# #
, , * #.# * *
** #.# * , ,,
..#,


You could see an orc.

Vanquished Creatures
  An orc wizard (D:2)
  An orc (D:2)
  2 bats (D:1)
  A goblin (D:1)
  A hobgoblin (D:1)
  5 jackals (D:1)
  A quokka (D:1)
  2 kobolds (D:1)
  A rat (D:1)
15 creatures vanquished.

Vanquished Creatures (others)
  7 foxfires (D:2)
7 creatures vanquished.

Grand Total: 22 creatures vanquished

Notes
Turn   | Place    | Note
-------+----------+-------------------------------------------
     0 | D:1      | MrRokkomies the Meteoran Cinder Acolyte began the quest for
                  | the Orb.
     0 | D:1      | Reached XP level 1. HP: 19/19 MP: 3/3
   246 | D:1      | Reached XP level 2. HP: 17/26 MP: 5/5
   367 | D:1      | Reached skill level 4 in Long Blades
   496 | D:1      | Glimpsed the power of Zot.
   537 | D:2      | Reached skill level 1 in Dodging
   537 | D:2      | Reached XP level 3. HP: 30/33 MP: 6/6
   538 | D:2      | Reached XP level 4. HP: 37/40 MP: 7/7
   550 | D:2      | HP: 2/40 [orc/+0 short sword (2)]
   551 | D:2      | Slain by an orc

Illustrated notes

Levels and vault maps discovered:
D:1:      dpeg_arrival_short_road, layout_loops_corners
D:2:      layout_basic, hellmonk_ecumenical_altar_inner_sanctum, minivault_26

Skill      XL: |  1  2 |
---------------+-------+-----
Long Blades    | 4 |  4.3
Dodging        | 1 |  1.2
Fighting       | |  3.8
Spellcasting   | |  1.3
Fire Magic     | |  3.9

Action                   |  1- 3 |  4- 6 || total
-------------------------+-------+-------++-------
Melee: Falchion          |    46 |     9 ||    55
 Fire: Sling             |     2 |       ||     2
Invok: Foxfire Swarm     |     1 |       ||     1
  Use: Scroll            |     1 |       ||     1
Armor: Robe              |    10 |       ||    10
       Leather armour    |     3 |     6 ||     9
Dodge: Dodged            |    27 |     3 ||    30

Table legend: (Time is in decaauts)
 A = Elapsed time spent in this place.
 B = Non-inter-level travel time spent in this place.
 C = Inter-level travel time spent in this place.
 D = Time resting spent in this place.
 E = Time spent auto-exploring this place.
 F = Levels seen in this place.
 G = Mean time per level.
                   A        B        C        D        E       F      G
               +--------+--------+--------+--------+--------+-----+--------+
         Total |    555 |    522 |     33 |      0 |    367 |   2 |  277.5 |
       Dungeon |    555 |    522 |     33 |      0 |    367 |   2 |  277.5 |
               +--------+--------+--------+--------+--------+-----+--------+

Top non-repeatable levels by time:
     D:1: 533 daAuts
     D:2: 21 daAuts
